 Dungeon Crawl Stone Soup version 0.16-a0-2145-g6af420d (webtiles) character file.

253 smajdalf the Ruffian (level 6, -15/48 HPs)
             Began as a Ghoul Warper on Nov 13, 2014.
             Demolished by an ogre
             ... wielding a +0 giant club
              (26 damage)
             ... on level 3 of the Dungeon.
             The game lasted 00:09:47 (4015 turns).

smajdalf the Ruffian (Ghoul Warper)                 Turns: 4015, Time: 00:09:47

Health: -15/48     AC:  6    Str: 15    XL:     6   Next: 14%
Magic:  8/8        EV: 12    Int: 10    God:
Gold:   143        SH:  0    Dex:  8    Spells: 1 memorised, 7 levels left

rFire  . . .     SeeInvis .       - Unarmed
rCold  + . .     Clarity  .     a - +2 robe {MR+}
rNeg   + + +     SustAb   .     (no shield)
rPois  +         Gourm    .     (no helmet)
rElec  .         Spirit   .     (no cloak)
rCorr  .         Warding  .     (no gloves)
rMut   .         Stasis   .     k - +1 pair of boots
MR     ++...                    (no amulet)
Stlth  ++........               s - ring of protection from magic
                                i - ring of stealth

@: rotting, very resistant to hostile enchantments, unstealthy
A: rotting body, claws 1, carnivore 3, cold resistance 1, negative energy
resistance 3, poison resistance, slow healing 1, torment resistance, unbreathing
a: no special abilities


You were on level 3 of the Dungeon.
You were not hungry.

You visited 1 branch of the dungeon, and saw 3 of its levels.

You collected 143 gold pieces.

Inventory:

Missiles
 e - 5 tomahawks of dispersal (quivered)
Armour
 a - a +2 robe of magic resistance (worn)
 k - a +1 pair of boots (worn)
Jewellery
 i - a ring of stealth (left claw)
 s - a ring of protection from magic (right claw)
Scrolls
 d - a scroll of blinking
 h - a scroll of enchant weapon {unknown}
 j - 2 scrolls of teleportation {unknown}
 l - 2 scrolls of identify {unknown}
 m - 2 scrolls of fear {unknown}
 o - a scroll of amnesia {unknown}
 p - a scroll of fog {unknown}
 t - a scroll of immolation {unknown}
Potions
 g - 2 potions of agility {unknown}
 n - a potion of magic {unknown}
 r - 2 potions of curing {unknown}
Books
 c - a book of Spatial Translocations

   Spells                             Type                      Level
   *Apportation                       Translocation                1
   Blink                              Translocation                2
   Shroud of Golubria                 Charms/Translocation         2
   Portal Projectile                  Translocation                3
   Teleport Other                     Translocation                3
   Passage of Golubria                Translocation                4
Comestibles
 f - a chunk of flesh
 q - a meat ration
 u - a slice of pizza


   Skills:
 - Level 2.1 Fighting
 - Level 0.8 Throwing
 - Level 0.8 Armour
 - Level 1.7 Dodging
 + Level 6.9 Unarmed Combat
 - Level 1.7 Spellcasting
 - Level 2.6 Translocations


You had 7 spell levels left.
You knew the following spells:

 Your Spells              Type           Power        Failure   Level  Hunger
a - Apportation           Tloc           #.........   12%         1    ##.....


Dungeon Overview and Level Annotations

Branches:
Dungeon (3/15)

Altars:
Xom


Innate Abilities, Weirdness & Mutations

Your body is rotting away.
You thrive on raw meat.
You have sharp fingernails.
You are carnivorous and can eat meat at any time.
Your flesh is cold resistant.
You are immune to negative energy.
Your system is resistant to poisons.
You heal slowly when monsters are visible.
You are immune to unholy pain and torment.
You can survive without breathing.


Message History

Things that are here:
a dagger; a stone An ogre comes into view.
It is wielding a giant club.
The ogre shouts!
You barely miss the ogre. The ogre barely misses you.
You claw the ogre!
The ogre begins to bleed from its wounds!
The ogre is heavily wounded.
The ogre hits you with a giant club!!
You claw the ogre!
The ogre is almost dead.
You barely miss the ogre.
The ogre is almost dead.
The ogre hits you with a giant club!!
* * * LOW HITPOINT WARNING * * *
You barely miss the ogre.
The ogre is almost dead.
The ogre hits you with a giant club!!
Ouch! That really hurt!
You die...

#...............# #.# *
#.########....#.# #.# * ###.#
##.####.#####.# * ....#
####.............####***** ##..#
#.........#####.###..,,,,, ##..#
#.##..###.# #.# #.#***** ##..#
#.##..# #.# #.# #.# ....# #)##..#
#O# #.# #.# ##..#
#.##..###@#####.###.###
##..####.##..................#
.......((##.####..###..#####.####
###.#######.# #..# #..# #..... #
#.# #.####..###..# ###### #.#
#............# #.# #.......###.##
#.# #..###.## #.# #.#
#..###.####.#


You could see an ogre (bleeding).

Vanquished Creatures
  4 orc wizards (D:3)
  5 adders
  A giant mite (D:3)
  3 worms
  4 giant geckos
  4 orcs (D:3)
  5 giant cockroaches
  3 goblins
  11 hobgoblins
  4 jackals (D:2)
  5 bats
  7 giant newts
  10 kobolds
  8 rats
74 creatures vanquished.

Vanquished Creatures (others)
  5 sheep (D:3)
5 creatures vanquished.

Grand Total: 79 creatures vanquished

Notes
Turn   | Place    | Note
--------------------------------------------------------------
     0 | D:1      | smajdalf, the Ghoul Warper, began the quest for the Orb.
     0 | D:1      | Reached XP level 1. HP: 17/17 MP: 2/2
   278 | D:1      | Reached XP level 2. HP: 19/24 MP: 3/3
   300 | D:1      | Reached skill level 3 in Unarmed Combat
   780 | D:1      | Reached XP level 3. HP: 29/29 MP: 5/5
  1160 | D:2      | Reached skill level 4 in Unarmed Combat
  1484 | D:2      | Reached XP level 4. HP: 18/36 MP: 5/5
  2868 | D:3      | Reached skill level 5 in Unarmed Combat
  3061 | D:3      | Reached XP level 5. HP: 41/41 MP: 6/6
  3079 | D:3      | Reached skill level 6 in Unarmed Combat
  3436 | D:3      | Found a shimmering altar of Xom.
  3774 | D:3      | Reached XP level 6. HP: 28/45 MP: 8/8
  4015 | D:3      | Demolished by an ogre

Action                   |  1- 3 |  4- 6 || total
-------------------------+-------+-------++-------
Melee: Unarmed           |   160 |   157 ||   317
  Use: Potion            |       |     2 ||     2
 Stab: Sleeping          |     2 |     2 ||     4
  Eat: Chunk             |    19 |    31 ||    50
